 Dungeon Crawl Stone Soup version 0.25.1-9-gc5326a611f (webtiles) character file.

Game seed: 13691911725124004350

70 RETERIOR the Bolt Thrower (level 4, -13/25 HPs)
             Began as a Kobold Arcane Marksman on Jan 3, 2021.
             Killed from afar by an adder (26 damage)
             ... with an exploding inner flame
             ... hexed by the player character
             ... on level 2 of the Dungeon.
             The game lasted 00:05:56 (1937 turns).

RETERIOR the Bolt Thrower (Kobold Arcane Marksman)  Turns: 1937, Time: 00:05:59

Health: -13/25     AC:  2    Str:  7    XL:     4   Next: 44%
Magic:  5/5        EV: 15    Int: 14    God:
Gold:   90         SH:  0    Dex: 16    Spells: 4/5 levels left

rFire    . . .     SeeInvis .   a - +0 hand crossbow
rCold    . . .     Gourm    .   (shield restricted)
rNeg     . . .     Faith    .   e - +0 robe
rPois    .         Spirit   .   (no helmet)
rElec    .         Reflect  .   (no cloak)
rCorr    .         Harm     .   (no gloves)
MR       .....                  (no boots)
Stlth    ++........             (no amulet)
HPRegen  0.08/turn              (no ring)
MPRegen  0.09/turn              (no ring)

@: lethally poisoned (-13 -> -16)
A: small, carnivore
a: no special abilities


You were on level 2 of the Dungeon.
You were very full.

You visited 1 branch of the dungeon, and saw 2 of its levels.

You collected 90 gold pieces.

Inventory:

Hand Weapons
 a - a +0 hand crossbow (weapon)
Armour
 e - a +0 robe (worn)
Jewellery
 g - a +4 ring of protection {unknown}
Scrolls
 c - a scroll of magic mapping {unknown}
 h - a scroll of noise {unknown}
 j - 3 scrolls of remove curse {unknown}
 l - a scroll of teleportation {unknown}
 n - a scroll of amnesia {unknown}
Potions
 m - a potion of haste {unknown}
Comestibles
 f - 3 rations
 k - a chunk of flesh


   Skills:
 + Level 1.5 Fighting
 + Level 4.3 Crossbows
 + Level 2.7 Dodging
 + Level 0.6 Stealth
 + Level 1.1 Spellcasting
 + Level 3.5 Hexes


You had 4 spell levels left.
You knew the following spells:

 Your Spells              Type           Power        Failure   Level  Hunger
a - Corona                Hex            ##.....      6%          1    ##.....

Your spell library contained the following spells:

 Spells                   Type           Power        Failure   Level  Hunger
 Slow                     Hex            ##......     10%         2    ###....
 Inner Flame              Hex/Fire       #.......     36%         3    ####...
 Portal Projectile        Hex/Tloc       #.....       36%         3    ####...
 Cause Fear               Hex            ##........   52%         4    #####..
 Leda's Liquefaction      Hex/Erth       #.........   77%         4    #####..


Dungeon Overview and Level Annotations

Branches:
Dungeon (2/15)

Altars:


Innate Abilities, Weirdness & Mutations

You are small and have problems with some larger weapons.
You are carnivorous and can eat meat at any time.


Message History

The adder looks even sicker.
The adder is lightly wounded.
You feel sick. The goblin barely misses you. The adder barely misses you.
The adder misses you.
You feel sick.
Throwing (i - inventory)
i - a poisoned dart (quivered)
Press: ? - help, Shift-Dir - straight line, f/p - adder
Aim: an adder (moderately wounded, very poisoned)
You throw a poisoned dart.
The poisoned dart barely misses the adder.
The poisoned dart hits the hobgoblin.
The hobgoblin is poisoned.
The adder barely misses you. The goblin completely misses you.
As you read the scroll labeled POISAU ZEGUMIM, it crumbles to dust.
The creatures around you are filled with an inner flame!
It was a scroll of immolation.
Flame seeps out of the adder.
The adder is engulfed in blazing flames.
The adder explodes!
The fiery explosion engulfs you!!
Ouch! That really hurt!
You die...

♣..♣♣♣♣♣♣.#..#.# #..♣♣..
♣♣....#. ###...♣♣ ♣...###
#..... ♣....#. ## #.# ..
♣#.†#)# . #.# #.♣♣ #..###
#. #.# ..♣ #..#
...##.##.####.♣♣♣♣♣♣♣ #..#
#((.(((g.§○@.♣.♣.♣.♣♣♣♣..#
#..#..#...§g§......)......#
.... #)...........)......#
.... #####..........(.(..#
#.# #.######.######## # #.#
#.# #.# #.# ... ..# # ###


You could see a hobgoblin (inner flame, poisoned) and a goblin (inner flame).

Vanquished Creatures
  2 adders (D:2)
  A dart slug (D:1)
  A leopard gecko (D:1)
  A ball python (D:1)
  2 bats
  2 giant cockroaches (D:2)
  6 goblins
  6 hobgoblins
  7 jackals
  7 kobolds
  A quokka (D:2)
  6 rats
42 creatures vanquished.

Notes
Turn   | Place    | Note
-------+----------+-------------------------------------------
     0 | D:1      | RETERIOR the Kobold Arcane Marksman began the quest for the
                  | Orb.
     0 | D:1      | Reached XP level 1. HP: 12/12 MP: 2/2
    20 | D:1      | Reached XP level 2. HP: 16/16 MP: 3/3
    52 | D:1      | Reached skill level 3 in Crossbows
   638 | D:1      | Reached XP level 3. HP: 20/20 MP: 4/4
  1420 | D:2      | Reached XP level 4. HP: 10/25 MP: 5/5
  1842 | D:2      | Reached skill level 4 in Crossbows
  1937 | D:2      | Killed from afar by an adder

Illustrated notes

Levels and vault maps discovered:
D:1:      tarquinn_simple_flora_water_d, layout_basic
D:2:      layout_loops_ring, chequers_ecumenical_altar_grove

Skill      XL: |  1  2  3  4 |
---------------+-------------+-----
Crossbows      | 3 4 |  4.3
Fighting       | |  1.5
Dodging        | |  2.7
Stealth        | |  0.6
Spellcasting   | |  1.1
Hexes          | |  3.5

Action                   |  1- 3 |  4- 6 || total
-------------------------+-------+-------++-------
 Fire: Hand crossbow     |    68 |    34 ||   102
Throw: Dart              |       |     9 ||     9
 Cast: Corona            |     5 |       ||     5
  Use: Scroll            |       |     1 ||     1
  Eat: Chunk             |    10 |     1 ||    11
Armor: Robe              |     8 |     5 ||    13
Dodge: Dodged            |    44 |    32 ||    76
